 Dungeon Crawl Stone Soup version 0.30-a0-1123-gabc949cf19 (webtiles) character file.

Game seed: 18086189825870584599

100 sleeves the Firebug (level 4, -3/30 HPs)
             Began as a Demonspawn Fire Elementalist on Apr 23, 2023.
             Killed from afar by Ijyb (13 damage)
             ... with a bolt of dispelling energy
             ... on level 3 of the Dungeon.
             The game lasted 00:05:08 (2380 turns).

sleeves the Firebug (Demonspawn Fire Elementalist)  Turns: 2380, Time: 00:05:09

Health: -3/30      AC:  7    Str:  8    XL:     4   Next: 47%
Magic:  6/7        EV: 12    Int: 18    God:
Gold:   164        SH:  0    Dex: 14    Spells: 4/7 levels left

rFire   + . .        i - +0 whip
rCold   + . .        (no shield)
rNeg    . . .        a - +0 robe
rPois   .            (no helmet)
rElec   .            l - scarf {rC+ rF+}
rCorr   .            g - +2 pair of gloves
SInv    .            (no boots)
Will    .....        (no amulet)
Stlth   ++           (no ring)
HPRegen 0.25/turn    (no ring)
MPRegen 0.10/turn

%: no passive effects
@: no status effects
A: hooves 1, slimy green scales 1, ignite blood 1
a: no special abilities


You were on level 3 of the Dungeon.
You visited 1 branch of the dungeon, and saw 3 of its levels.

You collected 164 gold pieces.

Inventory:

Hand Weapons
 i - a +0 whip (weapon)
   (You found it on level 1 of the Dungeon)
Armour
 a - a +0 robe (worn)
 g - a +2 pair of gloves (worn)
   (You found it on level 1 of the Dungeon)
 l - a scarf of resistance (worn)
   (You found it on level 2 of the Dungeon)
Scrolls
 f - a scroll of torment {unknown}
 n - 2 scrolls of identify {unknown}
Potions
 b - a potion of magic
 c - a potion of flight {unknown}
 d - a potion of mutation {unknown}
 e - a potion of brilliance {unknown}
 h - a potion of haste {unknown}
 j - 2 potions of curing {unknown}
 k - a potion of degeneration {unknown}
 m - a potion of lignification {unknown}
 o - a potion of heal wounds {unknown}


   Skills:
 - Level 1.7 Dodging
 - Level 1.7 Stealth
 - Level 2.0 Spellcasting
 - Level 1.0 Conjurations
 + Level 4.8 Fire Magic


You had 4 spell levels left.
You knew the following spells:

 Your Spells              Type           Power      Damage    Failure   Level
a - Foxfire               Conj/Fire      48%        2x1d6     5%          1
b - Scorch                Fire           38%        2d7       3%          2

Your spell library contained the following spells:

 Spells                   Type           Power      Damage    Failure   Level
 Apportation              Tloc           2%         N/A       19%         1
 Inner Flame              Hex/Fire       10%        N/A       21%         3
 Volatile Blastmotes      Fire/Tloc      20%        2d11      21%         3
 Flame Wave               Conj/Fire      12%        2d6       47%         4
 Alistair's Intoxication  Tmut/Pois      0%         N/A       99%         5


Dungeon Overview and Level Annotations

Branches:
Dungeon (3/15)

Altars:
Cheibriados

Annotations:
D:3 Ijyb, Robin


Innate Abilities, Weirdness & Mutations

You have large cloven feet.
You are partially covered in slimy green scales. (AC +2)
Your demonic aura sometimes causes spilled blood to erupt in flames.


Message History

Welcome, sleeves the Demonspawn Fire Elementalist.
If you return without finding the Orb of Zot, so far below, it's all over!
Press ? for a list of commands and other information.
Found a stone.
Found a staircase leading out of the dungeon.
You open the door.
There is an open door here.
You open the door.
There is an open door here.
There is an open door here.
You open the door.
There is an open door here.
c - a brown potion
Found a ring mail.
A ball python comes into view.
A ball python is nearby!
A ball python is nearby!
A ball python is nearby!
A ball python is nearby!
A ball python is nearby!
You conjure some foxfire!
The foxfire hits the ball python.
You kill the ball python!
Your foxfire dissipates!
Magic restored.
d - a fuming grey potion A rat comes into view.
Found a green potion.
A rat is nearby!
A rat is nearby!
You conjure some foxfire!
The rat misses you.
A rat is nearby!
Your foxfire dissipates!
The rat attacks as you move away! The rat bites you but does no damage.
The foxfire hits the rat.
You kill the rat!
A dart slug comes into view.
You see here a +0 ring mail.
A dart slug is nearby!
A dart slug is nearby!
A dart slug is nearby!
You conjure some foxfire!
The foxfire hits the dart slug.
The dart slug is lightly wounded.
The foxfire hits the dart slug.
The dart slug is moderately wounded.
The dart slug bites you but does no damage.
You conjure some foxfire!
The dart slug barely misses you.
The foxfire hits the dart slug.
The dart slug is heavily wounded.
The foxfire hits the dart slug.
The dart slug is heavily wounded.
You conjure some foxfire!
The dart slug launches a dart at you. The slug dart hits you.
The foxfire hits the dart slug.
The dart slug is severely wounded.
The foxfire hits the dart slug.
You kill the dart slug!
Your Fire Magic skill increases to level 3!
HP restored.
e - a green potion
Found 2 stones.
A ball python comes into view.
A ball python is nearby!
You conjure some foxfire!
The ball python hisses angrily.
The foxfire hits the ball python.
The ball python is severely wounded.
Your foxfire dissipates!
A ball python is nearby!
The ball python bites you but does no damage.
The ball python closely misses you.
You hit the ball python.
You kill the ball python!
No target in view!
No target in view!
Found a stone staircase leading down.
You see here 2 stones.
f - a scroll labelled TOC AMEIPRIOTH A bat comes into view.
A bat is nearby!
You conjure some foxfire!
The bat barely misses you.
You hit the bat but do no damage.
The foxfire hits the bat.
You kill the bat!
Your foxfire dissipates!
Found a mace.
Found a stone staircase leading down.
You open the door.
A giant cockroach comes into view.
Found 9 gold pieces.
A giant cockroach is nearby!
There is an open door here.
Found a pair of embroidered gloves.
You conjure some foxfire!
The foxfire hits the giant cockroach but does no damage.
The foxfire hits the giant cockroach.
The giant cockroach is moderately wounded.
The giant cockroach waves its antennae.
The giant cockroach bites you.
A giant cockroach is nearby!
You conjure some foxfire!
The giant cockroach closely misses you.
A giant cockroach is nearby!
A giant cockroach is nearby!
A giant cockroach is nearby!
You hit the giant cockroach but do no damage.
The giant cockroach is moderately wounded.
The foxfire hits the giant cockroach.
The giant cockroach is severely wounded.
The foxfire hits the giant cockroach.
The giant cockroach is almost dead.
The giant cockroach closely misses you. The giant cockroach barely misses you.
A giant cockroach is nearby!
You hit the giant cockroach but do no damage.
The giant cockroach is severely wounded.
The giant cockroach closely misses you.
You hit the giant cockroach but do no damage.
The giant cockroach is severely wounded.
The giant cockroach closely misses you.
You conjure some foxfire!
The giant cockroach bites you but does no damage.
A giant cockroach is nearby!
You closely miss the giant cockroach.
The giant cockroach is severely wounded.
The foxfire hits the giant cockroach.
You kill the giant cockroach!
You have reached level 2!
Your demonic ancestry asserts itself...
Your blood heats up.
Your foxfire dissipates!
You now have 9 gold pieces.
g - a +2 pair of gloves You start putting on your armour.
You continue putting on your +2 pair of gloves. x4
You finish putting on your +2 pair of gloves.
You open the door.
There is an open door here.
A quokka comes into view.
A quokka is nearby!
A quokka is nearby!
A quokka is nearby!
You conjure some foxfire!
The foxfire hits the quokka but does no damage.
Your foxfire dissipates!
You conjure some foxfire!
Your foxfire dissipates!
The foxfire hits the quokka.
The quokka is heavily wounded.
The quokka twitches its whiskers.
You conjure some foxfire!
You hit the quokka. You punch the quokka.
You kill the quokka!
Your foxfire dissipates! x2
A rat comes into view.
A rat is nearby!
A rat is nearby!
A rat is nearby!
You conjure some foxfire!
The foxfire hits the rat.
You kill the rat!
Your foxfire dissipates!
Found a whip.
h - a murky sapphire potion You now have 26 gold pieces (gained 17).
A quokka comes into view.
You conjure some foxfire!
The foxfire hits the quokka but does no damage.
The foxfire hits the quokka.
The quokka is heavily wounded.
You conjure some foxfire!
The quokka barely misses you. The quokka bites you.
You closely miss the quokka.
The quokka is heavily wounded.
The foxfire hits the quokka.
You kill the quokka!
You see here a quokka corpse.
A bat comes into view.
A bat is nearby!
A bat is nearby!
You conjure some foxfire!
The foxfire hits the bat.
You kill the bat!
Your foxfire dissipates!
You open the door.
There is an open door here.
A hobgoblin comes into view.
A hobgoblin is nearby!
A hobgoblin is nearby!
A hobgoblin is nearby!
You conjure some foxfire!
The hobgoblin shouts!
You hear an angry hiss.
A frilled lizard comes into view.
The foxfire hits the hobgoblin.
The hobgoblin is moderately wounded.
The foxfire hits the hobgoblin.
The hobgoblin is heavily wounded.
You conjure some foxfire!
The foxfire hits the frilled lizard.
You kill the frilled lizard!
You conjure some foxfire!
The foxfire hits the hobgoblin but does no damage.
The hobgoblin is heavily wounded.
The foxfire hits the hobgoblin but does no damage.
The hobgoblin is heavily wounded.
The foxfire hits the hobgoblin.
You kill the hobgoblin!
You see here a +0 whip.
i - a +0 whip
i - a +0 whip (weapon)
You see here a hobgoblin corpse.
j - an orange potion You open the door.
There is an open door here.
Found a scale mail.
You now have 34 gold pieces (gained 8).
You see here a +0 scale mail.
A gnoll comes into view. It is wielding a +0 spear.
Found a sedimented dark potion.
The gnoll shouts!
A bat comes into view.
There are monsters nearby!
You see here a +0 scale mail.
There is an open door here.
A ball python comes into view.
The ball python hisses angrily.
Casting: Foxfire (safe; 9% risk of failure)
Confirm with . or Enter, or press ? or * to list all spells.
You conjure some foxfire!
The ball python bites you. The ball python grabs you.
The ball python constricts you. The ball python completely misses you.
The ball python constricts you.
You escape the ball python's grasp.
Your foxfire dissipates!
The foxfire hits the ball python.
The ball python is moderately wounded.
Casting: Foxfire (safe; 9% risk of failure)
Confirm with . or Enter, or press ? or * to list all spells.
You conjure some foxfire!
The foxfire hits the ball python.
You kill the ball python!
The foxfire hits the gnoll.
The gnoll is lightly wounded.
Casting: Foxfire (safe; 9% risk of failure)
Confirm with . or Enter, or press ? or * to list all spells.
You conjure some foxfire!
The gnoll hits you from afar with a +0 spear.
The foxfire hits the gnoll.
The gnoll is lightly wounded.
Your foxfire dissipates!
There is a stone staircase leading down here.
The gnoll hits you from afar with a +0 spear.
You climb downwards.
Found a red potion.
There is a stone staircase leading up here.
Magic restored.
HP restored.
k - a red potion
Found a leather armour.
A rat comes into view.
An adder comes into view.
Found 3 boomerangs and an embroidered scarf.
You conjure some foxfire!
Your foxfire dissipates!
The foxfire hits the rat.
You kill the rat!
You start resting.
Magic restored.
Casting: Foxfire (safe; 9% risk of failure)
Confirm with . or Enter, or press ? or * to list all spells.
You conjure some foxfire!
Casting: Foxfire (safe; 9% risk of failure)
Confirm with . or Enter, or press ? or * to list all spells.
You conjure some foxfire!
The foxfire hits the adder but does no damage.
The adder hisses angrily.
The foxfire hits the adder.
The adder is moderately wounded.
The foxfire hits the adder but does no damage.
The adder is lightly wounded.
The foxfire hits the adder.
The adder is moderately wounded.
Casting: Foxfire (safe; 9% risk of failure)
Confirm with . or Enter, or press ? or * to list all spells.
You conjure some foxfire!
Casting: Foxfire (safe; 9% risk of failure)
Confirm with . or Enter, or press ? or * to list all spells.
You conjure some foxfire!
The foxfire hits the adder.
The adder is severely wounded.
The foxfire hits the adder.
The adder is almost dead.
The foxfire hits the adder.
You kill the adder!
Casting: Foxfire (safe; 8% risk of failure)
Confirm with . or Enter, or press ? or * to list all spells.
You don't know that spell.
Your foxfire dissipates!
An adder comes into view.
Casting: Foxfire (safe; 8% risk of failure)
Confirm with . or Enter, or press ? or * to list all spells.
You conjure some foxfire!
The adder hisses angrily.
The foxfire hits the adder.
The adder is moderately wounded.
Casting: Foxfire (safe; 8% risk of failure)
Confirm with . or Enter, or press ? or * to list all spells.
You conjure some foxfire!
The foxfire hits the adder.
The adder is heavily wounded.
Casting: Foxfire (safe; 8% risk of failure)
Confirm with . or Enter, or press ? or * to list all spells.
You conjure some foxfire!
The foxfire hits the adder.
The adder is heavily wounded.
The foxfire hits the adder.
The adder is almost dead.
The adder bites you but does no damage. The adder barely misses you.
You hit the adder.
You kill the adder!
You have reached level 3!
Your experience leads to an increase in your attributes!
Increase (S)trength, (I)ntelligence, or (D)exterity?
You feel clever. x2; Your demonic ancestry asserts itself...
Your feet thicken and deform.
Your foxfire dissipates!
Things that are here:
3 boomerangs; 2 stones
l - a scarf of resistance
Okay, then.
You start putting on your armour.
You continue putting on your scarf of resistance. x4
You finish putting on your scarf of resistance.
You feel resistant to extremes of temperature.
An adder comes into view.
The adder hisses angrily.
Found a spear.
The adder closely misses you.
You conjure some foxfire!
The adder closely misses you.
You conjure some foxfire!
The foxfire hits the adder.
The adder is moderately wounded.
The foxfire hits the adder.
The adder is heavily wounded.
The adder misses you. The adder bites you.
An adder is nearby!
An adder is nearby!
You closely miss the adder.
The adder is heavily wounded.
The foxfire hits the adder.
The adder is severely wounded.
The foxfire hits the adder.
You kill the adder!
Your Fire Magic skill increases to level 4!
A bat comes into view.
Found 10 gold pieces.
Found a stone staircase leading down.
You see here an adder corpse.
You conjure some foxfire!
A bat is nearby!
A bat is nearby!
You closely miss the bat. You kick the bat.
You kill the bat!
Your foxfire dissipates!
Your foxfire dissipates!
You see here a bat corpse.
You now have 44 gold pieces (gained 10).
A rat and a ball python come into view.
You conjure some foxfire!
The ball python hisses angrily.
You conjure some foxfire!
The foxfire hits the rat.
The rat is moderately wounded.
The foxfire hits the rat.
You kill the rat!
The foxfire hits the ball python.
You kill the ball python!
A worm comes into view.
A worm is nearby!
A worm is nearby!
A worm is nearby!
You conjure some foxfire!
The foxfire hits the worm but does no damage.
You conjure some foxfire!
You conjure some foxfire!
The foxfire hits the worm.
The worm is lightly wounded.
The foxfire hits the worm.
The worm is lightly wounded.
You miscast Foxfire.
You are very lightly contaminated with residual magic.
Nothing appears to happen.
The foxfire hits the worm.
The worm is moderately wounded.
The foxfire hits the worm.
The worm is severely wounded.
You conjure some foxfire!
The worm bites you.
You conjure some foxfire!
* * * LOW MAGIC WARNING * * *
The foxfire hits the worm.
The worm is severely wounded.
The foxfire hits the worm.
The worm is almost dead.
You hit the worm.
You kill the worm!
Your foxfire dissipates! x2
Your magical contamination has completely faded away.
HP restored.
You now have 49 gold pieces (gained 5).
Found a stone staircase leading down.
A ball python comes into view.
A ball python is nearby!
A ball python is nearby!
You conjure some foxfire!
The ball python hisses angrily.
The foxfire hits the ball python.
You kill the ball python!
Your foxfire dissipates!
Okay, then.
Memorise Scorch, consuming 2 spell levels and leaving 3?
You start memorising the spell.
You continue memorising. x2
You finish memorising.
Spell assigned to 'b'.
Okay, then.
A dart slug comes into view.
Found 23 gold pieces.
A dart slug is nearby!
A dart slug is nearby!
A dart slug is nearby!
You conjure some foxfire!
The foxfire hits the dart slug.
The dart slug is heavily wounded.
A dart slug is nearby!
Your foxfire dissipates!
You conjure some foxfire!
The foxfire hits the dart slug.
The dart slug is almost dead.
The foxfire hits the dart slug.
You kill the dart slug!
Found a ring mail.
A quokka comes into view.
Found 33 gold pieces.
You see here 13 gold pieces.
A quokka is nearby!
A ball python comes into view.
Found a stone staircase leading up.
The quokka bites you.
There are monsters nearby!
You conjure some foxfire!
The ball python hisses angrily.
The quokka barely misses you.
You conjure some foxfire!
The foxfire hits the quokka.
The quokka is severely wounded.
The ball python closely misses you. The ball python barely misses you.
The quokka barely misses you.
Your foxfire dissipates!
The foxfire hits the ball python.
You kill the ball python!
You conjure some foxfire!
You barely miss the quokka.
The quokka is severely wounded.
The foxfire hits the quokka.
You kill the quokka!
You now have 62 gold pieces (gained 13).
You now have 80 gold pieces (gained 18).
You now have 95 gold pieces (gained 15).
You now have 101 gold pieces (gained 6).
You now have 111 gold pieces (gained 10).
A ball python comes into view.
You conjure some foxfire!
The foxfire hits the ball python.
The ball python is moderately wounded.
The ball python hisses angrily.
Your foxfire dissipates!
A ball python is nearby!
You conjure some foxfire!
Your foxfire dissipates!
You barely miss the ball python.
The ball python is moderately wounded.
The ball python barely misses you. The ball python grabs you.
The ball python constricts you.
A ball python is nearby!
A ball python is nearby!
Casting: Foxfire (safe; 6% risk of failure)
Confirm with . or Enter, or press ? or * to list all spells.
Flames lash the ball python.
You kill the ball python!
Found a stone staircase leading down.
Found a dagger.
You now have 121 gold pieces (gained 10).
A hobgoblin comes into view.
A hobgoblin is nearby!
You conjure some foxfire!
The hobgoblin shouts!
You hear a shout!
The foxfire hits the hobgoblin.
The hobgoblin is heavily wounded.
The foxfire hits the hobgoblin.
The hobgoblin is severely wounded.
You conjure some foxfire!
The foxfire hits the hobgoblin.
The hobgoblin is almost dead.
The foxfire hits the hobgoblin.
You kill the hobgoblin!
You now have 131 gold pieces (gained 10).
Found a stone staircase leading up.
A rat comes into view.
A rat is nearby!
You conjure some foxfire!
The foxfire hits the rat.
You kill the rat!
(D) Dungeon
Where to? (? - help)
An endoplasm comes into view.
The foxfire hits the endoplasm.
The endoplasm is almost dead.
The endoplasm jiggles.
You conjure some foxfire!
The foxfire hits the endoplasm.
You kill the endoplasm!
You can't go up here!
(D) Dungeon
Where to? (Enter - D:1, ? - help)
Your foxfire dissipates!
There is a stone staircase leading up here.
You climb upwards.
There is a stone staircase leading down here.
Magic restored.
There is an open door here.
There is an open door here.
A gnoll is nearby!
A gnoll is nearby!
A gnoll is nearby!
A gnoll is nearby!
You conjure some foxfire!
You conjure some foxfire!
The foxfire hits the gnoll.
The gnoll is moderately wounded.
You conjure some foxfire!
The foxfire hits the gnoll but does no damage.
The gnoll is moderately wounded.
The foxfire hits the gnoll.
The gnoll is moderately wounded.
Casting: Foxfire (safe; 6% risk of failure)
Confirm with . or Enter, or press ? or * to list all spells.
Flames lash the gnoll.
You kill the gnoll!
You have reached level 4!
You feel agile.
Your demonic ancestry asserts itself...
Slimy green scales grow over part of your body.
Your foxfire dissipates! x2
A hobgoblin comes into view.
A hobgoblin is nearby!
A hobgoblin is nearby!
A hobgoblin is nearby!
You conjure some foxfire!
You conjure some foxfire!
The foxfire hits the hobgoblin.
The hobgoblin is severely wounded.
The hobgoblin shouts!
You hit the hobgoblin.
You kill the hobgoblin!
You closely miss the bat. You kick the bat.
You kill the bat!
No target in view!
No target in view!
No target in view!
No target in view!
You see here a hobgoblin corpse.
You now have 148 gold pieces (gained 17).
m - a sedimented dark potion
Found a stone staircase leading down.
j - 2 orange potions (gained 1)
Found a robe.
You open the door.
A bat comes into view.
A rat comes into view.
There is an open door here.
There are monsters nearby!
You conjure some foxfire!
The bat completely misses you. The bat misses you.
You hit the bat but do no damage. The bat misses you.
The foxfire hits the bat.
You kill the bat!
A hobgoblin comes into view.
A quokka comes into view.
You hit the rat. Your kick misses the rat.
The rat is severely wounded.
The rat bites you.
You hit the rat.
You kill the rat!
The hobgoblin barely misses you.
There are monsters nearby!
There are monsters nearby!
You conjure some foxfire!
The hobgoblin completely misses you. The quokka closely misses you.
You conjure some foxfire!
The foxfire hits the quokka but does no damage.
The foxfire hits the quokka.
The quokka is heavily wounded.
The quokka closely misses you. The hobgoblin hits you.
You conjure some foxfire!
The foxfire hits the hobgoblin.
The hobgoblin is lightly wounded.
The foxfire hits the quokka.
The quokka is almost dead.
The quokka closely misses you. The hobgoblin closely misses you.
You conjure some foxfire!
The foxfire hits the hobgoblin.
The hobgoblin is heavily wounded.
The foxfire hits the quokka.
You kill the quokka!
The hobgoblin closely misses you.
You conjure some foxfire!
The foxfire hits the hobgoblin.
You kill the hobgoblin!
Your foxfire dissipates!
Your foxfire dissipates! x2
HP restored.
You pick up a book of Party Tricks and begin reading...
You add the spells Apportation and Alistair's Intoxication to your library.
Found a hand axe.
An endoplasm comes into view.
The endoplasm quivers.
You conjure some foxfire!
You conjure some foxfire!
The foxfire hits the endoplasm but does no damage.
The foxfire hits the endoplasm.
The endoplasm is almost dead.
The foxfire hits the endoplasm.
You kill the endoplasm!
You conjure some foxfire!
Your foxfire dissipates!
Your foxfire dissipates!
Your foxfire dissipates!
You open the door.
There is an open door here.
You see here a hobgoblin corpse.
You see here a quokka corpse.
There is an open door here.
There is an open door here.
There is a shaft here.
There is an open door here.
There is an open door here.
There is an open door here.
Key pressed, stopping explore.
Done exploring.
Done exploring.
Done exploring.
Done exploring.
Done exploring.
(D) Dungeon
Where to? (Enter - D:1, ? - help)
There is an open door here.
You open the door.
There is an open door here.
You see here a +0 ring mail.
There is a stone staircase leading down here.
You climb downwards.
There is a stone staircase leading up here.
Unknown command.
Unknown command.
A kobold comes into view. It is wielding a +0 short sword.
The kobold shouts!
A kobold is nearby!
A kobold is nearby!
A kobold is nearby!
You conjure some foxfire!
The foxfire hits the kobold.
You kill the kobold!
Your foxfire dissipates!
Magic restored.
You see here a +0 short sword.
Done exploring.
Done exploring.
Done exploring.
Done exploring.
Done exploring.
(D) Dungeon
Where to? (Enter - D:2, ? - help)
There is a stone staircase leading down here.
You climb downwards.
Found 2 scrolls labelled ZOMAUBL WI WOY and 6 gold pieces.
There is a stone staircase leading up here.
A ball python is nearby!
Unknown command.
Unknown command.
You conjure some foxfire!
You conjure some foxfire!
The foxfire hits the ball python.
You kill the ball python!
Your foxfire dissipates!
Your foxfire dissipates! x2
Magic restored.
A frilled lizard comes into view.
The frilled lizard hisses angrily.
A frilled lizard is nearby!
A frilled lizard is nearby!
A frilled lizard is nearby!
You conjure some foxfire!
You conjure some foxfire!
The foxfire hits the frilled lizard.
You kill the frilled lizard!
Your foxfire dissipates!
Your foxfire dissipates! x2
Found a glowing silver altar of Zin.
You now have 154 gold pieces (gained 6).
A kobold comes into view.
It is wielding a +0 whip and quivering poisoned darts.
The kobold shouts!
A kobold is nearby!
You conjure some foxfire!
You conjure some foxfire!
The foxfire hits the kobold.
You kill the kobold!
Your foxfire dissipates!
Your foxfire dissipates!
Your foxfire dissipates!
You see here a frilled lizard corpse.
n - 2 scrolls labelled ZOMAUBL WI WOY
Things that are here:
a +0 whip; 7 poisoned darts; a kobold corpse A bat and a ball python come into view.
The ball python hisses angrily.
There are monsters nearby!
There are monsters nearby!
You miscast Foxfire.
You are very lightly contaminated with residual magic.
Nothing appears to happen.
You conjure some foxfire!
The foxfire hits the ball python.
The ball python is heavily wounded.
Your foxfire dissipates!
A ball python is nearby!
A ball python is nearby!
You hit the ball python.
You kill the ball python!
Your magical contamination has completely faded away.
No target in view!
You conjure some foxfire!
Your foxfire dissipates! x2
A hobgoblin comes into view.
A hobgoblin is nearby!
A hobgoblin is nearby!
A hobgoblin is nearby!
You conjure some foxfire!
You conjure some foxfire!
The foxfire hits the hobgoblin but does no damage.
The foxfire hits the hobgoblin.
The hobgoblin is severely wounded.
A hobgoblin is nearby!
A hobgoblin is nearby!
A hobgoblin is nearby!
The foxfire hits the hobgoblin but does no damage.
The hobgoblin is severely wounded.
Your foxfire dissipates!
The hobgoblin misses you.
You hit the hobgoblin. Your kick misses the hobgoblin.
The hobgoblin is almost dead.
The hobgoblin closely misses you.
You hit the hobgoblin.
You kill the hobgoblin!
A bat is nearby!
A bat is nearby!
A bat is nearby!
You conjure some foxfire!
The bat closely misses you. The bat closely misses you.
The bat hits you but does no damage. x2
You closely miss the bat. Your kick misses the bat.
You punch the bat, but do no damage. The bat closely misses you. x2
A bat is nearby!
A bat is nearby!
You hit the bat.
You kill the bat!
No target in view!
No target in view!
You see here a bat corpse.
Found a stone staircase leading down.
A giant cockroach comes into view.
You see here a silvery potion.
A giant cockroach is nearby!
You conjure some foxfire!
o - a silvery potion The foxfire hits the giant cockroach but does no damage. x2
A giant cockroach is nearby!
A giant cockroach is nearby!
A giant cockroach is nearby!
You conjure some foxfire!
A giant cockroach is nearby!
You conjure some foxfire!
The foxfire hits the giant cockroach.
The giant cockroach is heavily wounded.
The foxfire hits the giant cockroach.
You kill the giant cockroach!
Your foxfire dissipates!
Your foxfire dissipates!
You now have 164 gold pieces (gained 10).
A kobold comes into view. It is wielding a +0 short sword.
A kobold is nearby!
The kobold shouts!
You hear a shout!
A ball python comes into view.
Found 8 gold pieces.
Found a snail-covered altar of Cheibriados.
The ball python moves out of view.
A kobold is nearby!
You miscast Foxfire.
You are very lightly contaminated with residual magic.
Nothing appears to happen.
A hobgoblin comes into view.
You conjure some foxfire!
The hobgoblin shouts!
The foxfire hits the kobold but does no damage.
You barely miss the kobold. Your kick misses the kobold.
The foxfire hits the kobold but does no damage.
You closely miss the hobgoblin. You kick the hobgoblin.
The hobgoblin is almost dead.
The hobgoblin barely misses you. The kobold hits you but does no damage.
You hit the hobgoblin but do no damage.
You kick the hobgoblin, but do no damage.
The hobgoblin is almost dead.
The hobgoblin closely misses you.
The kobold hits you with a +0 short sword.
The ball python bites you but does no damage.
The ball python grabs you. The ball python constricts you.
You barely miss the ball python.
The hobgoblin hits you but does no damage.
The kobold hits you but does no damage.
The ball python bites you but does no damage.
The ball python constricts you.
You hit the ball python. You kick the ball python.
You kill the ball python!
The kobold hits you with a +0 short sword.
The hobgoblin misses you. The hobgoblin barely misses you.
The kobold hits you but does no damage.
Your magical contamination has completely faded away.
You conjure some foxfire!
The hobgoblin hits you but does no damage.
The kobold closely misses you.
You conjure some foxfire!
The foxfire hits the kobold.
The kobold is moderately wounded.
The foxfire hits the kobold.
The kobold is severely wounded.
The kobold hits you but does no damage. The hobgoblin completely misses you.
You miscast Foxfire.
You are very lightly contaminated with residual magic.
Nothing appears to happen.
The foxfire hits the kobold.
You kill the kobold!
The foxfire hits the hobgoblin.
You kill the hobgoblin!
You conjure some foxfire!
An orc comes into view. It is wielding a +0 dagger.
An orc is nearby!
An orc is nearby!
Unknown command.
You conjure some foxfire!
The foxfire hits the orc.
The orc is heavily wounded.
A worm comes into view.
Your foxfire dissipates!
You conjure some foxfire!
* * * LOW MAGIC WARNING * * *
The foxfire hits the worm.
The worm is moderately wounded.
The foxfire hits the worm.
The worm is heavily wounded.
The foxfire hits the worm.
The worm is heavily wounded.
The foxfire hits the worm.
The worm is severely wounded.
Unknown command.
Your magical contamination has completely faded away.
A rat comes into view.
Casting: Foxfire (safe; 5% risk of failure)
Confirm with . or Enter, or press ? or * to list all spells.
You conjure some foxfire!
* * * LOW MAGIC WARNING * * *
The foxfire hits the rat.
You kill the rat!
The foxfire hits the orc.
The orc is severely wounded.
The orc throws a stone.
The stone hits you.
The orc throws a stone.
The stone hits you but does no damage.
The orc throws a stone.
The stone hits you but does no damage.
Casting: Foxfire (safe; 5% risk of failure)
Confirm with . or Enter, or press ? or * to list all spells.
You conjure some foxfire!
* * * LOW MAGIC WARNING * * *
The orc throws a stone.
The stone misses you.
The foxfire hits the orc.
You kill the orc!
Casting: Foxfire (safe; 5% risk of failure)
Confirm with . or Enter, or press ? or * to list all spells.
You conjure some foxfire!
* * * LOW MAGIC WARNING * * *
Casting: Foxfire (safe; 5% risk of failure)
Confirm with . or Enter, or press ? or * to list all spells.
You don't have enough magic to cast this spell.
Your foxfire dissipates!
The foxfire hits the worm but does no damage.
You see here a ball python corpse.
You see here a frilled lizard skeleton.
There is a stone staircase leading up here.
You climb upwards.
There is a stone staircase leading down here.
You start resting.
Magic restored.
You climb downwards.
There is a stone staircase leading up here.
A worm is nearby!
A worm is nearby!
You conjure some foxfire!
You conjure some foxfire!
The foxfire hits the worm.
The worm is lightly wounded.
The foxfire hits the worm but does no damage.
The worm is lightly wounded.
You conjure some foxfire!
The foxfire hits the worm.
The worm is moderately wounded.
The foxfire hits the worm.
The worm is moderately wounded.
You conjure some foxfire!
The foxfire hits the worm.
The worm is severely wounded.
The foxfire hits the worm.
The worm is almost dead.
You conjure some foxfire!
The foxfire hits the worm.
The worm is almost dead.
The foxfire hits the worm.
The worm is almost dead.
The foxfire hits the worm.
The worm is almost dead.
A worm is nearby!
A worm is nearby!
A worm is nearby!
Casting: Foxfire (safe; 5% risk of failure)
Confirm with . or Enter, or press ? or * to list all spells.
Flames lash the worm.
You kill the worm!
* * * LOW MAGIC WARNING * * *
Unknown command.
Your foxfire dissipates!
Magic restored.
A hobgoblin comes into view.
The hobgoblin shouts!
A hobgoblin is nearby!
A hobgoblin is nearby!
A hobgoblin is nearby!
You closely miss the hobgoblin. Your kick misses the hobgoblin.
The hobgoblin misses you.
You hit the hobgoblin.
The hobgoblin is lightly wounded.
The hobgoblin hits you.
You hit the hobgoblin.
You punch the hobgoblin, but do no damage.
The hobgoblin is severely wounded.
The hobgoblin barely misses you.
You conjure some foxfire!
The hobgoblin closely misses you.
A hobgoblin is nearby!
You hit the hobgoblin.
You kill the hobgoblin!
No target in view!
Your foxfire dissipates!
Your foxfire dissipates!
HP restored. 3 goblins come into view.
The goblin shouts!
A goblin comes into view. It is wielding a +0 dagger.
The goblin moves out of view. x2
Ijyb the Twisted Goblin comes into view.
She is wielding a +0 dagger, wearing a +2 ring mail of positive energy and carrying a wand of quicksilver (4).
There are monsters nearby!
There are monsters nearby!
You conjure some foxfire!
The goblin shouts!
Ijyb shouts!
You hear a shout! x3
Robin of the Strong Arm comes into view.
They are wielding a +0 club.
You conjure some foxfire!
The foxfire hits the goblin.
The goblin is severely wounded.
The foxfire hits the goblin.
The goblin is almost dead.
Robin throws Ijyb at you!
A goblin comes into view. It is wielding a +0 quarterstaff.
Ijyb completely misses you.
You hear a shout!
Unknown command.
Your foxfire dissipates!
Press: ? - help, v - describe, . - travel
Here: Ijyb, wielding a +0 dagger, wearing a +2 ring mail of positive energy and carrying a wand of quicksilver (4)
The floor.
Unknown command.
You aren't carrying any items that you can evoke.
You aren't carrying any items that you can evoke.
Unknown command.
Ijyb attacks as you move away! Ijyb barely misses you.
Ijyb zaps a wand.
The bolt of dispelling energy hits you!
Ouch! That really hurt!
* * * LOW HITPOINT WARNING * * *
An orc comes into view. It is wielding a +0 hand axe.
Ijyb zaps a wand.
The bolt of dispelling energy hits you!
* * * LOW HITPOINT WARNING * * *
Ijyb zaps a wand.
The bolt of dispelling energy hits you!
You die...

.# #.....######....# ...
.#...#..........####.### ....
.##.##...........###...##.....
.##.##...........g..g..†......♣
.#...##..........#####.##.....♣.
.##.###..........# #.##......♣
....##..##.####o.# #.##....._♣
.>..#...##.#####.# #.##......♣
........##†...##@#####..#.....♣♣
.......####...##......#........#
..........#...####.......#.....#
......###...w.####............###
......)..........÷.....÷........#
......#####...####..............#
.#....# #...# #..............#
##....# ##### #..(......÷...##
#....# #####...##..<##


You could see Ijyb and an orc.

Vanquished Creatures
  A gnoll (D:1)
  3 adders (D:2)
  2 worms
  2 dart slugs
  An orc (D:3)
  10 ball pythons
  6 bats
  2 endoplasms
  2 giant cockroaches
  7 hobgoblins
  4 quokkas
  2 frilled lizards
  3 kobolds
  7 rats
52 creatures vanquished.

Vanquished Creatures (others)
  156 foxfires
156 creatures vanquished.

Grand Total: 208 creatures vanquished

Notes
Turn   | Place    | Note
-------+----------+-------------------------------------------
     0 | D:1      | sleeves the Demonspawn Fire Elementalist began the quest
                  | for the Orb.
     0 | D:1      | Reached XP level 1. HP: 13/13 MP: 3/3
   147 | D:1      | Reached skill level 3 in Fire Magic
   330 | D:1      | Gained mutation: Your demonic aura sometimes causes spilled
                  | blood to erupt in flames. [demonic ancestry]
   330 | D:1      | Reached XP level 2. HP: 19/19 MP: 0/5
   802 | D:2      | Gained mutation: You have large cloven feet. [demonic
                  | ancestry]
   802 | D:2      | Reached XP level 3. HP: 24/24 MP: 1/6
   883 | D:2      | Reached skill level 4 in Fire Magic
  1032 | D:2      | Learned a level 2 spell: Scorch
  1377 | D:1      | Gained mutation: You are partially covered in slimy green
                  | scales. (AC +2) [demonic ancestry]
  1377 | D:1      | Reached XP level 4. HP: 30/30 MP: 1/7
  2154 | D:3      | Found a snail-covered altar of Cheibriados.
  2368 | D:3      | Noticed Ijyb
  2368 | D:3      | Noticed Robin
  2373 | D:3      | HP: 15/30 [Ijyb/bolt of dispelling energy (15)]
  2380 | D:3      | Killed from afar by Ijyb

Illustrated notes

Levels and vault maps discovered:
D:1:      erik_arrival_orb_chamber, layout_loops_corners
D:2:      layout_rooms, minmay_pentomino_s4
D:3:      layout_rooms, zin_academy, cheibriados_altar_1,
          amcnicky_mini_corridor_feature, nicolae_goblin_pals

Skill      XL: |  1  2  3 |
---------------+----------+-----
Fire Magic     | 3 4 |  4.8
Dodging        | |  1.7
Stealth        | |  1.7
Spellcasting   | |  2.0
Conjurations   | |  1.0

Action                     |  1- 3 |  4- 6 || total
---------------------------+-------+-------++-------
  Melee: Unarmed           |     8 |       ||     8
         Whip              |     6 |    19 ||    25
         Punch             |     1 |     2 ||     3
         Kick              |     1 |     4 ||     5
   Cast: Foxfire           |    56 |    43 ||    99
         Scorch            |     2 |     1 ||     3
 Armour: Robe              |     5 |    12 ||    17
  Dodge: Dodged            |    20 |    28 ||    48

Table legend: (Time is in decaauts)
 A = Elapsed time spent in this place.
 B = Non-inter-level travel time spent in this place.
 C = Inter-level travel time spent in this place.
 D = Time resting spent in this place.
 E = Time spent auto-exploring this place.
 F = Levels seen in this place.
 G = Mean time per level.
                   A        B        C        D        E       F      G
               +--------+--------+--------+--------+--------+-----+--------+
         Total |   2383 |   2314 |     69 |     44 |   1829 |   3 |  794.3 |
       Dungeon |   2383 |   2314 |     69 |     44 |   1829 |   3 |  794.3 |
               +--------+--------+--------+--------+--------+-----+--------+

Top non-repeatable levels by time:
     D:1: 1251 daAuts
     D:2: 738 daAuts
     D:3: 393 daAuts
